 Dungeon Crawl Stone Soup version 0.19-a0-1251-gd6e46da (webtiles) character file.

349 PurpleRed the Conjurer (level 6, 0/32 HPs)
             Began as a Deep Elf Conjurer on Aug 27, 2016.
             Was an Initiate of Vehumet.
             Slain by a centaur (8 damage)
             ... on level 5 of the Dungeon.
             The game lasted 00:11:41 (1352 turns).

PurpleRed the Conjurer (Deep Elf Conjurer)          Turns: 1352, Time: 00:11:41

Health: 0/32       AC:  7    Str:  5    XL:     6   Next: 33%
Magic:  2/16       EV: 13    Int: 22    God:    Vehumet [......]
Gold:   154        SH:  0    Dex: 15    Spells: 4 memorised, 3 levels left

rFire  + . .     SeeInvis .     e - +0 mace
rCold  . . .     Gourm    .     B - +2 robe {rF+}
rNeg   . . .     Faith    .     (no shield)
rPois  .         Spirit   .     (no helmet)
rElec  .         Dismiss  .     v - +2 cloak
rCorr  .         Reflect  .     (no gloves)
MR     .....     Harm     .     (no boots)
Stlth  ++........               (no amulet)
                                (no ring)
                                (no ring)

@: no status effects
A: no striking features
a: Renounce Religion


You were on level 5 of the Dungeon.
You worshipped Vehumet.
Vehumet was noncommittal.
You were not hungry.

You visited 2 branches of the dungeon, and saw 7 of its levels.

You collected 154 gold pieces.

Inventory:

Hand Weapons
 e - a +0 mace (weapon)
 A - a +0 blowgun
Missiles
 l - 3 javelins of returning (quivered)
 y - 28 poisoned needles
Armour
 v - a +2 cloak (worn)
 B - a +2 robe of fire resistance (worn)
Wands
 g - a wand of lightning (13/15)
Scrolls
 m - 2 scrolls of recharging
 z - a scroll of magic mapping
Potions
 a - 2 potions of agility {unknown}
 i - a potion of haste {unknown}
 k - a potion of ambrosia
 o - 2 potions of mutation
 p - a potion of resistance {unknown}
 s - a potion of cancellation {unknown}
 u - 2 potions of flight {unknown}
 w - 2 potions of curing
Books
 b - a book of Conjurations

   Spells                             Type                      Level
   a - Magic Dart                     Conjuration                  1
   b - Searing Ray                    Conjuration                  2
   c - Dazzling Spray                 Conjuration/Hexes            3
   d - Fulminant Prism                Conjuration/Hexes            4
   e - Iskenderun's Mystic Blast      Conjuration                  4
   f - Iskenderun's Battlesphere      Conjuration/Charms           5
Comestibles
 c - 4 bread rations
 h - a beef jerky


   Skills:
 - Level 2.4 Dodging
 - Level 2.4 Stealth
 + Level 5.4 Spellcasting
 * Level 7.1 Conjurations
 + Level 2.4 Charms


You had 3 spell levels left.
You knew the following spells:

 Your Spells              Type           Power        Failure   Level  Hunger
a - Magic Dart            Conj           ####         1%          1    None
b - Searing Ray           Conj           #####.       1%          2    None
c - Iskenderun's Mystic   Conj           #####...     6%          4    ####...
d - Iskenderun's Battles  Conj/Chrm      ####....     38%         5    #####..


Dungeon Overview and Level Annotations

Branches:
Dungeon (6/15)             Temple (1/1) D:4

Altars:
Ashenzari
Fedhas
Gozag
Kikubaaqudgha
Qazlal
Ru
Sif Muna
Trog
Vehumet
Xom
Zin
The Shining One

Annotations:
D:5 Edmund
D:6 Blork the orc


Message History

You hit the centaur.
The centaur is moderately wounded.
The centaur hits you! The centaur hits you.
You feel better. The centaur hits you.
The jackal skeleton bites you but does no damage.
Casting: Magic Dart
Confirm with . or Enter, or press ? or * to list all spells.
Aiming: Searing Ray
Press: ? - help, Shift-Dir - straight line, f - centaur
Aim: a centaur (moderately wounded)
The searing ray hits the centaur.
The centaur is heavily wounded.
The centaur hits you.
The jackal skeleton bites you but does no damage.
The centaur hits you.
* * * LOW HITPOINT WARNING * * *
The searing ray hits the centaur.
The centaur is almost dead.
The centaur hits you!
You die...

.##########...,,,,* ***,,,,,,,,,
..[..........####+####,,,,,,*****
..#..##.#.#..........#,,,,,,,**
........#.#..<#......,,,,,,,,,***
..............#.....,,#.,,,,,,,,,
..........#.........,..,,,,,,,,,,
.._.>.............##.#..,,***,,,,
.......[<.......Zc......,,,,,,,,>
.#......#.......@..$....,,,,,,,,,
........................,,,,,,,,,
..............(#........,,,,,,,,,
.......#..#.#..#........,,,,,,,,,
....................##..,,,,,,,,,
......................,.,,,,,,,,,
..........(............,,,,,,,,,,
.........#...#.........,,,,,,,,,,
.........#.............,,,,,,,,,,


You could see a centaur and a jackal skeleton.

Vanquished Creatures
  A slave (D:5)
  2 ogres (D:4)
  A crimson imp (D:6)
  Jessica (D:2)
  A worker ant (D:4)
  A howler monkey skeleton (D:4)
  2 adders (D:2)
  A shadow imp (D:5)
  An ooze (D:1)
  3 worms (D:4)
  2 dart slugs
  An orc (D:4)
  A bat (D:1)
  2 giant cockroaches
  6 goblins
  A hobgoblin (D:2)
  2 quokkas
  A ball python (D:1)
  2 giant newts
  10 kobolds
  9 rats
51 creatures vanquished.

Vanquished Creatures (others)
  A plant (D:4)
1 creature vanquished.

Grand Total: 52 creatures vanquished

Notes
Turn   | Place    | Note
-------+----------+-------------------------------------------
     0 | D:1      | PurpleRed the Deep Elf Conjurer began the quest for the Orb.
     0 | D:1      | Reached XP level 1. HP: 10/10 MP: 6/6
   100 | D:1      | Reached XP level 2. HP: 7/15 MP: 0/8
   403 | D:2      | Reached skill level 5 in Conjurations
   405 | D:2      | Noticed Jessica
   422 | D:2      | Learned a level 2 spell: Searing Ray
   427 | D:2      | Killed Jessica
   427 | D:2      | Reached XP level 3. HP: 14/19 MP: 1/10
   576 | D:2      | Reached XP level 4. HP: 10/24 MP: 3/12
   593 | D:3      | HP: 1/24 [kobold/short sword (5)]
   604 | D:4      | Noticed an ogre
   636 | D:4      | Killed an ogre
   636 | D:4      | Reached skill level 6 in Conjurations
   636 | D:4      | Reached XP level 5. HP: 5/28 MP: 2/14
   644 | D:4      | Learned a level 4 spell: Iskenderun's Mystic Blast
   650 | D:4      | Learned a level 5 spell: Iskenderun's Battlesphere
   708 | D:4      | Reached skill level 5 in Spellcasting
   790 | D:4      | Reached skill level 1 in Charms
   811 | D:4      | Found a shattered altar of Ashenzari.
   834 | D:4      | Found a glowing drain.
   889 | D:5      | Entered Level 5 of the Dungeon
   893 | D:5      | Noticed Edmund
   893 | D:5      | Noticed a centaur
   924 | D:4      | Noticed an ogre
   935 | D:4      | Killed an ogre
   935 | D:4      | Reached skill level 7 in Conjurations
   935 | D:4      | Reached XP level 6. HP: 23/32 MP: 4/15
  1023 | D:4      | Found a staircase to the Ecumenical Temple.
  1038 | Temple   | Entered the Ecumenical Temple
  1087 | Temple   | Became a worshipper of Vehumet
  1164 | D:5      | Found an opulent altar of Gozag.
  1233 | D:5      | Noticed a slave
  1240 | D:6      | Noticed Blork the orc
  1317 | D:5      | Noticed a slave
  1334 | D:5      | Killed a slave
  1352 | D:5      | Slain by a centaur

Vault maps used:
D:1:      sevenhm_arrival_forest_fort_large_1, minmay_fountain_box,
          minmay_crystal_water, minmay_small_reverse_x
D:2:      uniq_jessica, uniq_iyjb
D:3:      first_bread
D:4:      kennysheep_kobold_camp, kennysheep_mini, portal_sewer_entry_a
D:5:      bloody_makhleb, nicolae_gozag_seed_capital, marbit_many_paths,
          uniq_pikel, uniq_edmund, uniq_crazy_yiuf_cottage
D:6:      lemuel_doored_altar, lemuel_zombie_altar_yredelemnul,
          uniq_blork_the_orc
Temple:   zaba_magenta_temple

Skill      XL: |  1  2  3  4  5 |
---------------+----------------+-----
Conjurations   | 5 6 7 |  7.1
Spellcasting   | 4 5 |  5.4
Charms         | 2 |  2.4
Dodging        | |  2.4
Stealth        | |  2.4

Action                   |  1- 3 |  4- 6 || total
-------------------------+-------+-------++-------
Melee: Mace              |    13 |     7 ||    20
Throw: Javelin           |       |     6 ||     6
 Cast: Magic Dart        |    39 |    38 ||    77
       Searing Ray       |     3 |    10 ||    13
  Use: Scroll            |       |    10 ||    10
       Potion            |       |     3 ||     3
 Stab: Sleeping          |       |     1 ||     1
  Eat: Royal jelly       |       |     1 ||     1
Armor: Robe              |     2 |     8 ||    10
Dodge: Dodged            |    29 |    23 ||    52
